 Dungeon Crawl Stone Soup version 0.30-a0-354-g6b83867211 (webtiles) character file.

Game seed: 5262248681108376123

219 Lanoc the Grave Robber (level 5, -3/52 HPs)
             Began as a Demonspawn Necromancer on Nov 7, 2022.
             Killed by divine providence
             ... invoked by an orc priest
              (11 damage)
             ... on level 3 of the Dungeon.
             The game lasted 00:05:50 (3188 turns).

Lanoc the Grave Robber (Demonspawn Necromancer)     Turns: 3188, Time: 00:05:51

Health: -3/52      AC: 22    Str: 10    XL:     5   Next: 64%
Magic:  8/8        EV:  2    Int: 18    God:
Gold:   161        SH:  0    Dex: 14    Spells: 7/8 levels left

rFire   . . .      SeeInvis .    m - +5 dagger "Wufac" {pain, Str+2}
rCold   . . .      Faith    .    (no shield)
rNeg    . . .      Spirit   .    (body armour currently unavailable)
rPois   +          Reflect  .    (helmet currently unavailable)
rElec   .          Harm     .    (cloak currently unavailable)
rCorr   .          Rampage  .    (gloves currently unavailable)
Will    .....      NoTele   +    (boots currently unavailable)
Stlth   +.........               (no amulet)
HPRegen 0.28/turn                (no ring)
MPRegen 0.11/turn                (no ring)

@: confused, brilliant, tree-form, ambrosia-drunk
A: stationary, stasis, torment immunity, boosted hp, (antennae 1), demonic
guardian 1
a: no special abilities


You were on level 3 of the Dungeon.
You were a tree.
You visited 1 branch of the dungeon, and saw 4 of its levels.

You collected 161 gold pieces.

Inventory:

Hand Weapons
 m - the +5 dagger "Wufac" (weapon) {pain, Str+2}
   (You found it on level 2 of the Dungeon)

   In the hands of one skilled in necromantic magic, it inflicts extra damage on
   living creatures.
   Str:       It affects your strength (+2).
Armour
 a - a +0 robe (melded)
Jewellery
 h - a ring of fire
Scrolls
 c - 4 scrolls of identify {unknown}
 f - a scroll of noise {unknown}
 g - a scroll of butterflies {unknown}
 i - a scroll of teleportation {unknown}
 l - a scroll of enchant armour {unknown}
 n - a scroll of enchant weapon {unknown}
Potions
 b - a potion of magic
 j - a potion of brilliance


   Skills:
 - Level 1.7 Dodging
 - Level 1.7 Stealth
 - Level 2.0 Spellcasting
 * Level 7.7 Necromancy


You had 7 spell levels left.
You knew the following spells:

 Your Spells              Type           Power      Damage    Failure   Level
a - Necrotise             Necr           100%       1d9       1%          1

Your spell library contained the following spells:

 Spells                   Type           Power      Damage    Failure   Level
 Vampiric Draining        Necr           44%        2d9       2%          3
 Animate Dead             Necr           44%        N/A       8%          4
 Agony                    Necr           44%        N/A       22%         5


Dungeon Overview and Level Annotations

Branches:
Dungeon (4/15)
 Temple: D:4-7

Altars:
Wu Jian


Innate Abilities, Weirdness & Mutations

You are a tree.
Your roots penetrate the ground, keeping you stationary.
You cannot be teleported.
You are immune to unholy pain and torment.
Your maximum health is greatly increased.
Your equipment is partially melded.
((You have a pair of small antennae on your head.))
A weak demonic guardian rushes to your aid.


Message History

Things that are here:
a +0 trident; a +0 leather armour You swap places.
The orc priest hits your orc skeleton with a +0 flail.
Your orc skeleton barely misses the orc priest.
It was a potion of lignification.
You turn into a tree.
Your +0 robe melds into your body.
Your roots penetrate the ground.
The orc priest casts a cantrip, but nothing happens.
The orc priest hits your orc skeleton with a +0 flail.
Your orc skeleton is destroyed!
It was a potion of curing.
You feel better.
Casting: Necrotise (safe; 1% risk of failure)
Confirm with . or Enter, or press ? or * to list all spells.
Aiming: Necrotise (safe; 1% risk of failure)
Press: ? - help, Shift-Dir - straight line, f - orc priest
Aim: an orc priest, wielding a +0 flail (ally target, chance to affect: 83%)
The orc priest barely resists.
The orc priest hits you with a +0 flail.
* * * LOW HITPOINT WARNING * * *
It was a potion of brilliance.
You feel clever all of a sudden.
The orc priest hits you but does no damage.
It was a potion of ambrosia.
You are confused.
You feel invigorated.
The orc priest hits you with a +0 flail.
* * * LOW HITPOINT WARNING * * *
You cannot move. (Use ctrl+direction or * direction to attack while stationary and confused.) Sorry, you're not good enough to have a special ability.
You attack the rock wall.
The orc priest hits you but does no damage.
You miss the orc priest.
The orc priest invokes the aid of Beogh against you.
Beogh smites you!
* * * LOW HITPOINT WARNING * * *
The orc priest hits you but does no damage.
You attack the rock wall.
The orc priest invokes the aid of Beogh against you.
Beogh smites you!
You die...

#...#.# ##.#....
#.....# #..#..#.
#..########.......
#..# #....###.#.
#..# #.#.## #.##
#.## #.#.# #...
#Z# #...# ###. #5#
##..# #. #♣# #..#
## #o# #..### #K#
#..5.#


ool #.##.# # ..o.. ##.##.# # ....... ##..##.##### .........#.5###..5..Z
#.........#Z## ####### #.........#.# You could see 2 orc priests, 2 orcs, a
kobold, a frilled lizard, a friendly shadow imp (summoned) and a friendly bat
skeleton.

Vanquished Creatures
  A gnoll bouda (D:3)
  6 gnolls (D:3)
  5 adders
  A worm (D:2)
  A dart slug (D:1)
  6 orcs (D:3)
  3 endoplasms
  A giant cockroach (D:1)
  7 goblins
  9 hobgoblins
  A quokka (D:2)
  3 ball pythons
  8 bats
  4 frilled lizards
  6 kobolds
  3 rats
65 creatures vanquished.

Vanquished Creatures (collateral kills)
  A white imp (D:3)
  2 orcs (D:3)
  A bat (D:3)
  2 goblins (D:3)
6 creatures vanquished.

Vanquished Creatures (others)
  A fungus (D:1)
1 creature vanquished.

Grand Total: 72 creatures vanquished

Notes
Turn   | Place    | Note
-------+----------+-------------------------------------------
     0 | D:1      | Lanoc the Demonspawn Necromancer began the quest for the
                  | Orb.
     0 | D:1      | Reached XP level 1. HP: 13/13 MP: 3/3
   425 | D:1      | Gained mutation: A weak demonic guardian rushes to your
                  | aid. [demonic ancestry]
   425 | D:1      | Reached XP level 2. HP: 19/19 MP: 3/5
   460 | D:1      | Reached skill level 5 in Necromancy
   803 | D:1      | Found a faded altar of an unknown god.
  1183 | D:2      | You fall into a shaft and drop 2 floors!
  1235 | D:3      | Reached XP level 3. HP: 17/24 MP: 0/6
  1335 | D:2      | Identified the +5 dagger "Wufac" {pain, Str+2}
  1588 | D:2      | Reached skill level 6 in Necromancy
  1881 | D:2      | Gained mutation: You have a pair of small antennae on your
                  | head. [demonic ancestry]
  1881 | D:2      | Reached XP level 4. HP: 30/30 MP: 1/7
  2434 | D:3      | Reached skill level 7 in Necromancy
  2434 | D:3      | Reached XP level 5. HP: 35/35 MP: 0/8
  2894 | D:3      | Found an ornate altar of the Wu Jian Council.
  3188 | D:3      | Killed from afar by an orc priest

Illustrated notes

Levels and vault maps discovered:
D:1:      minmay_arrival_solitary_statue, layout_basic,
          shapermc_ecumenical_altar_hornbeckon
D:2:      layout_basic, bh_walls_and_bars
D:3:      cheibrodos_greedy_goblins, layout_rooms, mainiacjoe_overflow_catwalk,
          mainiacjoe_overflow_alcove_2
D:4:      layout_rooms, mainiacjoe_overflow_paths, temple_statues,
          ebering_ghost_reflecting_pool, uniq_menkaure, uniq_sigmund

Skill      XL: |  1  2  3  4 |
---------------+-------------+-----
Necromancy     | 5 6 7 |  7.7
Dodging        | |  1.7
Stealth        | |  1.7
Spellcasting   | |  2.0

Action                   |  1- 3 |  4- 6 || total
-------------------------+-------+-------++-------
Melee: Dagger            |    16 |    29 ||    45
       Punch             |       |     1 ||     1
 Cast: Necrotise         |    59 |    57 ||   116
  Use: Potion            |       |     4 ||     4
Armor: Robe              |     8 |     6 ||    14
       Skin              |       |     3 ||     3
Dodge: Dodged            |    37 |    36 ||    73

Table legend: (Time is in decaauts)
 A = Elapsed time spent in this place.
 B = Non-inter-level travel time spent in this place.
 C = Inter-level travel time spent in this place.
 D = Time resting spent in this place.
 E = Time spent auto-exploring this place.
 F = Levels seen in this place.
 G = Mean time per level.
                   A        B        C        D        E       F      G
               +--------+--------+--------+--------+--------+-----+--------+
         Total |   3191 |   2991 |    200 |      0 |   2625 |   4 |  797.8 |
       Dungeon |   3191 |   2991 |    200 |      0 |   2625 |   4 |  797.8 |
               +--------+--------+--------+--------+--------+-----+--------+

Top non-repeatable levels by time:
     D:2: 1334 daAuts
     D:3: 967 daAuts
     D:1: 851 daAuts
     D:4: 37 daAuts
